[Event "Schack-SM 2024: Mastarklassen-elit"]
[Site "Fortnox Arena, Hejaregatan 5, Vaxjo, Sweden"]
[Date "2024.07.04"]
[Round "6.3"]
[White "Crevatin, Leo"]
[Black "Olsson, William"]
[Result "1/2-1/2"]
[TimeControl "90 minutes for 40 moves + 30 minutes for the rest of the game + 30 seconds per move from move one."]
[WhiteTitle "FM"]
[BlackTitle "IM"]
[WhiteElo "2235"]
[BlackElo "2363"]

1. d4 d5 2. c4 c6 3. Nf3 Nf6 4. g3 Bg4 5. Ne5 Bf5 6. Nc3 e6 7. Bg2 Nbd7 8. Nxd7 Qxd7 9. O-O Be7 10.
b3 O-O 11. Bb2 b5 12. c5 a5 13. Rc1 Rad8 14. f3 Bg6 15. e3 Qc7 16. a4 b4 17. Ne2 Nd7 18. Nf4 e5 19. Nxg6 hxg6 20.
Bh3 f5 21. Rc2 Bf6 22. Re2 Rfe8 23. Rfe1 Nf8 24. Bg2 Re7 25. Qd2 Ne6 26. f4 exf4 27. exf4 Rde8 28. h4 Kf7 29. Kf1 Qc8 30. Bf3 Qa6 31. Kg2 Qb7 32. Kf1 Qd7 33. Kg2 Nc7 34. Rxe7+ Rxe7 35.
Rxe7+ Qxe7 36. Kf2 Ne6 37. Kg2 Qd8 38. Qf2 Qe7 39. Qd2 Ke8 40. Qf2 Kd8 41. Qd2 Kc7 42. Qf2 Kb7 43. Qd2 Nc7 44.
Kf2 Qe6 45. Qd3 Qe7 1/2-1/2

[Event "Schack-SM 2024: Mastarklassen-elit"]
[Site "Fortnox Arena, Hejaregatan 5, Vaxjo, Sweden"]
[Date "2024.07.04"]
[Round "6.4"]
[White "Akesson, Ralf"]
[Black "Cederstam, Carl"]
[Result "0-1"]
[TimeControl "90 minutes for 40 moves + 30 minutes for the rest of the game + 30 seconds per move from move one."]
[WhiteTitle "GM"]
[BlackTitle "FM"]
[WhiteElo "2360"]
[BlackElo "2278"]

1. d4 d5 2. c4 c6 3. Nc3 dxc4 4. e4 b5 5. a4 b4 6. Nb1 Ba6 7. Nf3 Qb6 8. Be3 e6 9. d5 Qa5 10.
dxe6 fxe6 11. Nbd2 b3 12. Qc1 Nf6 13. Bxc4 Nxe4 14. O-O Nxd2 15. Nxd2 Bxc4 16. Nxc4 Qb4 17. Bd2 Qb7 18. Qc3 Nd7 19.
Rfe1 Kf7 20. Na5 Qb6 21. Nxb3 Rb8 22. Nd4 Bc5 23. Qf3+ Nf6 24. Nxe6 Qxb2 25. Nxc5 Qxd2 26. Rad1 Rhe8 27.
Ne6 Rxe6 28. Rxe6 Qxd1+ 29. Qxd1 Kxe6 30. h3 Rb7 31. Qd8 Rd7 32. Qf8 Kd5 33. g4 h6 34. h4 Kc4 35. g5 hxg5 36.
hxg5 Nd5 37. Qe8 Rc7 38. f4 Kb4 39. Qe4+ Ka5 40. f5 Kb6 41. Kh2 Kc5 42. Qb1 Kd6 43. Qe1 Re7 44. Qg3+ Re5 45.
Kh3 c5 46. a5 c4 47. Qa3+ Kc6 48. Qf8 c3 49. Qxg7 Re3+ 50. Kh4 c2 51. Qb2 Rc3 52. Qc1 Rc4+ 53. Kh5 Nf4+ 54. Kh6 Nd3 55.
Qh1+ Kd6 56. Qh2+ Nf4 57. Qd2+ Ke5 58. Qc1 Kxf5 59. g6 Rc6 60. Kh7 Nxg6 61. Qf1+ Ke5 62. Qb5+ Kd6 63. Qb8+ Rc7+ 64.
Kxg6 c1=Q 65. Qf8+ Kc6 66. Qe8+ Kc5 0-1

[Event "Schack-SM 2024: Mastarklassen-elit"]
[Site "Fortnox Arena, Hejaregatan 5, Vaxjo, Sweden"]
[Date "2024.07.03"]
[Round "5.1"]
[White "Wiedenkeller, Michael"]
[Black "Thorn, Eric"]
[Result "0-1"]
[TimeControl "90 minutes for 40 moves + 30 minutes for the rest of the game + 30 seconds per move from move one."]
[WhiteTitle "IM"]
[BlackTitle "FM"]
[WhiteElo "2417"]
[BlackElo "2359"]

1. d4 Nf6 2. Bg5 d5 3. Bxf6 gxf6 4. e3 c5 5. dxc5 Nc6 6. Bb5 e6 7. c4 dxc4 8. Nd2 Bd7 9. Ngf3 Bxc5 10.
O-O Rc8 11. Rc1 a6 12. Bxc4 Be7 13. Ne4 Qc7 14. Qd2 Rg8 15. Be2 Rd8 16. Qc3 e5 17. Rfd1 Bg4 18. Rxd8+ Qxd8 19. Rd1 Qc8 20.
Ng3 h5 21. e4 Kf8 22. Qe3 Rg7 23. Kh1 h4 24. Nxh4 Nd4 25. Bxg4 Qxg4 26. Nf3 Bc5 27. Rc1 b6 28. b4 Nf5 29.
Qd2 Nxg3+ 30. hxg3 Rh7+ 31. Kg1 Bd4 32. Nxd4 exd4 33. Qxd4 Qh5 34. Rc8+ Kg7 35. f3 Qh1+ 36. Kf2 Rh2 37.
Ke3 Rxg2 38. Qd3 Qh6+ 0-1

[Event "Schack-SM 2024: Mastarklassen-elit"]
[Site "Fortnox Arena, Hejaregatan 5, Vaxjo, Sweden"]
[Date "2024.07.03"]
[Round "5.2"]
[White "Lundin, Jan"]
[Black "Crevatin, Leo"]
[Result "0-1"]
[TimeControl "90 minutes for 40 moves + 30 minutes for the rest of the game + 30 seconds per move from move one."]
[WhiteTitle "FM"]
[BlackTitle "FM"]
[WhiteElo "2246"]
[BlackElo "2235"]

1. e4 c6 2. d4 d5 3. exd5 cxd5 4. c4 Nf6 5. Nc3 Nc6 6. h3 g6 7. c5 Bg7 8. Bb5 Nd7 9. Nge2 O-O 10.
O-O e5 11. Be3 Nxc5 12. dxe5 d4 13. Nxd4 Nxd4 14. Bxd4 Ne6 15. Be3 Bxe5 16. Qa4 a6 17. Rad1 axb5 18. Qxa8 Qh4 19. Nd5 Nc7 20.
Nxc7 Bxh3 21. Qxf8+ Kxf8 22. Bc5+ Kg8 23. Rfe1 Bxg2 24. Kxg2 Qg4+ 25. Kf1 Qc4+ 26. Kg2 Qxc5 27. Rd5 Qxc7 28.
Rexe5 Qc6 29. Kg3 f6 30. Rd8+ Kf7 31. Red5 Ke7 32. Kh3 h5 33. Rd2 g5 34. R8d3 Qh1+ 35. Kg3 Qg1+ 36. Kf3 Qg4+ 37.
Ke3 h4 38. Rd4 Qf5 39. f3 h3 40. Kf2 Kf7 41. Kg3 Kg6 42. Re4 Qc8 43. a3 Qc1 44. Ree2 f5 45. Kh2 Qf1 46. Rf2 Qb1 47.
Rfe2 Qc1 48. Rf2 Kh5 49. Rd7 Qe3 50. Rdd2 Kh4 51. Rde2 Qf4+ 52. Kh1 Kg3 53. Rf1 Kh4 54. Ref2 g4 55.
fxg4 Qe4+ 56. Kg1 fxg4 57. Rc1 g3 58. Rfc2 h2+ 0-1

[Event "Schack-SM 2024: Mastarklassen-elit"]
[Site "Fortnox Arena, Hejaregatan 5, Vaxjo, Sweden"]
[Date "2024.07.03"]
[Round "5.3"]
[White "Cederstam, Carl"]
[Black "Arman, Deniz"]
[Result "0-1"]
[TimeControl "90 minutes for 40 moves + 30 minutes for the rest of the game + 30 seconds per move from move one."]
[WhiteTitle "FM"]
[BlackTitle "FM"]
[WhiteElo "2278"]
[BlackElo "2343"]

1. Nf3 Nf6 2. d4 g6 3. c4 Bg7 4.
e3 O-O 5. Be2 c5 6. d5 b5 7. cxb5 a6 8. O-O axb5 9. Bxb5 Qb6 10. Bc4 Ba6 11. Nfd2 d6 12. a4 Nbd7 13. a5 Qb7 14.
Nc3 Ne5 15. b3 Nxc4 16. bxc4 Nxd5 17. Nxd5 Bxa1 18. Qa4 Bg7 19. Ne4 Ra7 20. f4 Qb1 21. Ng3 e6 22. Nb6 Qb4 23. Qa2 Bb7 24. Qe2 Qxa5 25. Bb2 Qxb6 26.
Bxg7 Kxg7 27. Qg4 Qb2 28. e4 Ra2 29. Nh5+ Kh8 30. h4 gxh5 31. Qg3 Rg8 32. Rf3 Rxg3 33. Rxg3 Bxe4 34. f5 Qf2+ 35.
Kh2 Bxg2 36. f6 Bf3+ 37. Rg2 Qxg2# 0-1

[Event "Schack-SM 2024: Mastarklassen-elit"]
[Site "Fortnox Arena, Hejaregatan 5, Vaxjo, Sweden"]
[Date "2024.07.03"]
[Round "5.4"]
[White "Olsson, William"]
[Black "Sorensen, Hampus"]
[Result "1/2-1/2"]
[TimeControl "90 minutes for 40 moves + 30 minutes for the rest of the game + 30 seconds per move from move one."]
[WhiteTitle "IM"]
[BlackTitle "IM"]
[WhiteElo "2363"]
[BlackElo "2404"]

1. c4 e6 2. g3 d5 3. Bg2 Nf6 4.
Nf3 d4 5. O-O Nc6 6. d3 Bc5 7. e3 O-O 8. Na3 dxe3 9. Bxe3 Bxe3 10. fxe3 e5 11. d4 exd4 12. exd4 Bg4 13. Nc2 Qd6 14.
Qd3 Rad8 15. Rad1 Rfe8 16. b3 Bh5 17. Bh3 Nb4 18. Nxb4 Qxb4 19. Bg2 Qb6 20. Kh1 Ng4 21. Rd2 Qh6 22.
Re2 Re3 23. Rxe3 Nxe3 24. Re1 Nxg2 25. Kxg2 Qd6 26. Qe4 Bxf3+ 27. Kxf3 h6 28. Qxb7 Qf6+ 29. Kg2 Rxd4 30. Re2 Qb6 31. Qa8+ Kh7 32. Qf3 Qg6 33. Rf2 f6 34.
Kh3 a5 35. Qf5 a4 36. g4 axb3 37. axb3 Rd3+ 38. Kg2 Rxb3 39. Qxg6+ Kxg6 40. Rf5 Re3 41. Rc5 Re7 42. h4 Kf7 43.
h5 Ke6 44. Kf3 Kd6 45. Rd5+ Kc6 46. Kf4 Kb7 47. Rb5+ Ka6 48. Rc5 Kb6 49. Rb5+ Ka6 50. Rc5 Kb7 51. Rb5+ Kc8 52. Kf5 c6 53.
Ra5 Kb7 54. Kg6 Kb6 55. Ra8 Re4 1/2-1/2

[Event "Schack-SM 2024: Mastarklassen-elit"]
[Site "Fortnox Arena, Hejaregatan 5, Vaxjo, Sweden"]
[Date "2024.07.03"]
[Round "5.5"]
[White "Akesson, Ralf"]
[Black "Carlsson, Ludvig"]
[Result "1/2-1/2"]
[TimeControl "90 minutes for 40 moves + 30 minutes for the rest of the game + 30 seconds per move from move one."]
[WhiteTitle "GM"]
[BlackTitle "IM"]
[WhiteElo "2360"]
[BlackElo "2335"]

1. d4 Nf6 2. c4 g6 3. Nc3 d5 4. cxd5 Nxd5 5. e4 Nxc3 6. bxc3 Bg7 7. Bc4 c5 8. Ne2 O-O 9. O-O Nc6 10.
Be3 Bg4 11. f3 Bd7 12. Qd2 cxd4 13. cxd4 Qa5 14. Qb2 Qb4 15. Qxb4 Nxb4 16. Rfc1 b5 17. Bb3 Rfc8 18. Rab1 a5 19.
a3 Rxc1+ 20. Rxc1 a4 21. Bd1 Nd3 22. Rc7 Be8 23. Nc3 f5 24. exf5 gxf5 25. f4 b4 26. axb4 Nxb4 27. Rb7 Rc8 28.
Rxb4 Rxc3 29. Rb8 Rxe3 30. Rxe8+ Kf7 31. Bh5+ Ke6 32. Rd8 Rd3 33. d5+ Kf6 34. Ra8 Rxd5 35. Rxa4 1/2-1/2

[Event "Schack-SM 2024: Mastarklassen-elit"]
[Site "Fortnox Arena, Hejaregatan 5, Vaxjo, Sweden"]
[Date "2024.07.02"]
[Round "4.2"]
[White "Thorn, Eric"]
[Black "Cederstam, Carl"]
[Result "1-0"]
[TimeControl "90 minutes for 40 moves + 30 minutes for the rest of the game + 30 seconds per move from move one."]
[WhiteTitle "FM"]
[BlackTitle "FM"]
[WhiteElo "2359"]
[BlackElo "2278"]

1. Nf3 d5 2. b3 c5 3. e3 Nf6 4. Bb2 e6 5. c4 a6 6. cxd5 exd5 7. Be2 Be6 8. O-O Nbd7 9. d4 Bd6 10.
Nc3 O-O 11. Rc1 Rc8 12. dxc5 Nxc5 13. Nd4 Qe7 14. Nxe6 fxe6 15. g3 Kh8 16. Bf3 Nfd7 17. Be2 Ne5 18. f4 Nc6 19. a3 Nd7 20.
b4 Bb8 21. e4 d4 22. Nb1 e5 23. f5 b5 24. Bd3 Nb6 25. Rc2 Na7 26. Bc1 Nc4 27. Qe2 Nd6 28. Rxc8 Naxc8 29. g4 Ba7 30.
g5 Nc4 31. Qh5 Ne3 32. Rf3 g6 33. Qh6 gxf5 34. exf5 e4 35. Bxe4 Rg8 36. g6 Ng4 37. Qh3 Nd6 38. Bg5 Qc7 39.
Qxg4 d3+ 40. Kh1 Nxe4 41. Qxe4 Qxh2+ 1-0

[Event "Schack-SM 2024: Mastarklassen-elit"]
[Site "Fortnox Arena, Hejaregatan 5, Vaxjo, Sweden"]
[Date "2024.07.02"]
[Round "4.3"]
[White "Sorensen, Hampus"]
[Black "Lundin, Jan"]
[Result "1-0"]
[TimeControl "90 minutes for 40 moves + 30 minutes for the rest of the game + 30 seconds per move from move one."]
[WhiteTitle "IM"]
[BlackTitle "FM"]
[WhiteElo "2404"]
[BlackElo "2246"]

1. d4 d5 2. c4 e6 3. Nc3 c5 4. cxd5 exd5 5. Nf3 Nc6 6. g3 Nf6 7. a3 cxd4 8. Nxd4 Be7 9. Bg2 O-O 10.
O-O Be6 11. b3 Qd7 12. Nxe6 fxe6 13. Bb2 Rad8 14. Rc1 e5 15. e4 dxe4 16. Nxe4 Qe6 17. Qc2 h6 18. Qc4 Qxc4 19. Rxc4 Na5 20.
Nxf6+ gxf6 21. Rc7 Bd6 22. Rc3 Bb8 23. b4 Nc6 24. Bxc6 bxc6 25. Rxc6 Rd2 26. Bc1 Rd6 27. Rxd6 Bxd6 28.
Bxh6 Rb8 29. Be3 a5 30. Rd1 Bf8 31. bxa5 1-0

[Event "Schack-SM 2024: Mastarklassen-elit"]
[Site "Fortnox Arena, Hejaregatan 5, Vaxjo, Sweden"]
[Date "2024.07.02"]
[Round "4.4"]
[White "Arman, Deniz"]
[Black "Akesson, Ralf"]
[Result "1/2-1/2"]
[TimeControl "90 minutes for 40 moves + 30 minutes for the rest of the game + 30 seconds per move from move one."]
[WhiteTitle "FM"]
[BlackTitle "GM"]
[WhiteElo "2343"]
[BlackElo "2360"]

1. e4 c6 2. d4 d5 3. e5 c5 4. dxc5 e6 5. a3 Bxc5 6. Nf3 Ne7 7. b4 Bb6 8. Bd3 Nbc6 9. O-O Ng6 10.
Bb2 Nf4 11. c4 dxc4 12. Bxc4 Qxd1 13. Rxd1 Bd7 14. Nc3 Ne7 15. Nb5 Bc6 16. Nd6+ Kf8 17. Ng5 h6 18. Ngxf7 Rh7 19. Bc1 g5 20.
Bxf4 gxf4 21. Bxe6 Rg7 22. g3 fxg3 23. hxg3 Rxg3+ 24. Kf1 Rg2 25. Ra2 Rh2 26. f4 Rh4 27. f5 Bf3 28. Ke1 Be3 29.
Bc4 Rh1+ 30. Bf1 Bxd1 31. f6 Nd5 32. Rg2 Nf4 33. Rg3 Be2 34. Rxe3 Bxf1 35. Kf2 Ne6 36. Rg3 a5 37. Nh8 axb4 38.
Ng6+ Kg8 39. Nf4+ Ng5 40. e6 Kh7 41. e7 Rh4 42. Nd5 Bc4 43. Rxg5 hxg5 44. f7 Rf4+ 45. Nxf4 Bxf7 46. Nxf7 Re8 47.
Nxg5+ Kh6 48. Nf7+ Kg7 49. Nd6 Rxe7 50. axb4 Re5 51. Kf3 Re1 52. Nd5 b5 53. Nc3 Rc1 54. Nd5 Re1 55. Kf4 Re2 56. Kf5 Re1 57. Ne4 Rc1 58. Ng5 Rf1+ 59. Ke5 Rb1 60. Ne4 Rb2 61. Nd6 Kg6 62. Ke4 Rb1 63. Kd4 Kg7 64. Kc3 Rc1+ 65. Kd2 Rc6 66. Nf5+ Kf7 67.
Nfe3 Ke6 68. Kd3 Ke5 69. Nc3 Rd6+ 70. Kc2 Rd4 71. Kb3 Rxb4+ 72. Kxb4 Kd4 73. Ned5 Kd3 74. Na2 Kd4 75. Nf4 Ke4 76.
Ne2 Ke3 77. Nec1 Kd4 78. Nb3 Kd5 79. Nc3+ Ke5 80. Kc5 b4 81. Ne2 Ke6 82. Kd4 Kd6 83. Nf4 Ke7 84. Ke5 Kf7 85. Nd5 Kg6 86.
Ne7+ Kg5 87. Ke6 Kf4 88. Kf6 Ke4 89. Nc6 Kd5 90. Ncd4 Kd6 91. Nc2 Kd5 92. Ncd4 Kd6 93. Ne6 Kd5 94.
Nec5 Kd6 95. Na4 Kd5 96. Nb2 Kd6 97. Kg5 Ke5 98. Nd3+ Ke4 99. Nf4 Ke5 100. Ne2 Ke4 101. Kf6 Kd3 102.
Ned4 Ke4 103. Ke6 Kf4 104. Kd5 Kg5 105. Ke5 Kg4 106. Nf5 Kf3 107. Nh6 Ke3 108. Ng4+ Kf3 109. Kf5 Kg3 110.
Ne5 Kh4 111. Kg6 Kh3 112. Kh5 Kg3 113. Kg5 Kh3 114. Ng6 Kg3 115. Nh4 Kf2 116. Kf4 Ke2 117. Ke4 Kf2 118. Nf5 Ke2 119.
Kf4 Kd3 120. Nfd4 Kc4 121. Ke5 Kd3 122. Nc6 Kc4 123. Nca5+ Kd3 124. Kf4 Ke2 125. Nc5 b3 126. Ncxb3 1/2-1/2

[Event "Schack-SM 2024: Mastarklassen-elit"]
[Site "Fortnox Arena, Hejaregatan 5, Vaxjo, Sweden"]
[Date "2024.07.02"]
[Round "4.5"]
[White "Carlsson, Ludvig"]
[Black "Olsson, William"]
[Result "1/2-1/2"]
[TimeControl "90 minutes for 40 moves + 30 minutes for the rest of the game + 30 seconds per move from move one."]
[WhiteTitle "IM"]
[BlackTitle "IM"]
[WhiteElo "2335"]
[BlackElo "2363"]

1. e4 e5 2. Nf3 Nc6 3. Bb5 a6 4. Ba4 Nf6 5. d4 exd4 6. O-O Be7 7. e5 Ne4 8. Nxd4 Nxd4 9. Qxd4 Nc5 10.
Nc3 O-O 11. Bb3 Nxb3 12. cxb3 d6 13. Bf4 dxe5 14. Qxe5 Bd6 15. Qd4 Bxf4 16. Qxf4 Be6 17. Rfe1 c6 18. Na4 Bd5 19. Nc5 b6 20.
Na4 b5 21. Nc3 Re8 22. h4 h6 23. Rad1 Qd7 24. b4 Rxe1+ 25. Rxe1 Re8 26. Rxe8+ Qxe8 27. Qe3 Qd8 28. g3 Qd7 29.
a3 Qf5 30. Qf4 Qh3 31. Nxd5 cxd5 32. b3 Qe6 33. a4 Kh7 34. Qf3 Kg8 35. Qf4 Kh7 36. Qf3 Qd7 37. Kf1 d4 38. Ke2 Qe7+ 39.
Kd3 Qxb4 1/2-1/2

[Event "Schack-SM 2024: Mastarklassen-elit"]
[Site "Fortnox Arena, Hejaregatan 5, Vaxjo, Sweden"]
[Date "2024.07.01"]
[Round "3.4"]
[White "Lundin, Jan"]
[Black "Olsson, William"]
[Result "0-1"]
[TimeControl "90 minutes for 40 moves + 30 minutes for the rest of the game + 30 seconds per move from move one."]
[WhiteTitle "FM"]
[BlackTitle "IM"]
[WhiteElo "2246"]
[BlackElo "2363"]

1. e4 c5 2. Nc3 Nc6 3. g3 g6 4. Bg2 Bg7 5. d3 d6 6. f4 e6 7. Nf3 Nge7 8. O-O O-O 9. Rb1 Rb8 10.
Bd2 b5 11. a3 b4 12. axb4 cxb4 13. Na4 Ba6 14. Be3 Bb5 15. c4 bxc3 16. Nxc3 Ba6 17. Rf2 Rb7 18. g4 Qb8 19. d4 Nb4 20.
Ne1 e5 21. dxe5 dxe5 22. f5 Rd8 23. Rd2 Rxd2 24. Qxd2 Nec6 25. g5 Bc4 26. Nd5 a5 27. Rc1 Bb5 28. Bc5 Ba6 29. Nf6+ Kh8 30.
Qf2 Qd8 31. Qh4 h6 32. Ng4 h5 33. Nf6 Nd4 34. Nxh5 gxh5 35. Qxh5+ Kg8 36. g6 fxg6 37. fxg6 Bf6 38. Bh3 Be2 39.
Bg4 Bxg4 40. Qxg4 Qd7 41. Qh5 Rc7 42. Rc3 Ne6 43. Qf5 Nxc5 44. Qxf6 Nxe4 45. Qf7+ Qxf7 46. gxf7+ Rxf7 47. Re3 Nd6 48.
Rxe5 Nc4 49. Rc5 Ne3 50. h4 Rf1+ 51. Kh2 Rxe1 52. Rxa5 Re2+ 53. Kg3 Rxb2 54. Ra7 Nbd5 55. h5 Rg2+ 56.
Kf3 Rh2 57. Ke4 Rh4+ 58. Kf3 Nf5 59. Ra5 Nde7 60. Ra6 Kf7 61. h6 Nxh6 62. Kg3 Nhf5+ 63. Kf3 Nd5 64. Kf2 Rh3 65. Kg2 Nf4+ 66.
Kf2 Ne6 67. Kg2 Rb3 68. Kf2 Kf6 69. Ke2 Ke5 70. Kf2 Ned4 71. Ra2 Kf4 72. Kg2 Ne3+ 73. Kf2 Ng4+ 74. Kg2 Rg3+ 75. Kh1 Rh3+ 76.
Kg1 Nf3+ 77. Kg2 Rh2+ 78. Kf1 Ne3# 0-1

[Event "Schack-SM 2024: Mastarklassen-elit"]
[Site "Fortnox Arena, Hejaregatan 5, Vaxjo, Sweden"]
[Date "2024.07.01"]
[Round "3.5"]
[White "Arman, Deniz"]
[Black "Carlsson, Ludvig"]
[Result "1/2-1/2"]
[TimeControl "90 minutes for 40 moves + 30 minutes for the rest of the game + 30 seconds per move from move one."]
[WhiteTitle "FM"]
[BlackTitle "IM"]
[WhiteElo "2343"]
[BlackElo "2335"]

1. e4 e5 2. Nf3 Nc6 3. Bb5 Nf6 4. O-O Nxe4 5. d4 Nd6 6. dxe5 Nxb5 7. a4 Nbd4 8. Nxd4 d5 9. exd6 Nxd4 10.
Qxd4 Qxd6 11. Qe4+ Qe6 12. Qd4 Qd6 13. Qe4+ Qe6 14. Qd4 Qd6 15. Qe4+ Qe6 16. Qd4 1/2-1/2

[Event "Schack-SM 2024: Mastarklassen-elit"]
[Site "Fortnox Arena, Hejaregatan 5, Vaxjo, Sweden"]
[Date "2024.07.01"]
[Round "3.1"]
[White "Cederstam, Carl"]
[Black "Crevatin, Leo"]
[Result "0-1"]
[TimeControl "90 minutes for 40 moves + 30 minutes for the rest of the game + 30 seconds per move from move one."]
[WhiteTitle "FM"]
[BlackTitle "FM"]
[WhiteElo "2278"]
[BlackElo "2235"]

1. d4 d5 2. c4 e6 3. Nf3 Nf6 4. Nc3 a6 5. c5 Nc6 6. Bf4 Ne4 7. Qc1 Be7 8. h4 f5 9. e3 Bf6 10.
Be2 O-O 11. Bd1 Bd7 12. Kf1 b6 13. Na4 Nb4 14. cxb6 cxb6 15. Qc7 Bb5+ 16. Kg1 Qxc7 17. Bxc7 Bxa4 18. Bxa4 b5 19. Bb3 Nd3 20.
g3 Rfc8 21. Bf4 a5 22. a4 b4 23. Rb1 Rc6 24. Kg2 Nexf2 25. Rhf1 Ng4 26. Kg1 Rac8 27. Bd1 Nxf4 28. exf4 Ne3 29.
Re1 Rc1 30. Bb3 Rxb1 31. Rxb1 Kf7 32. Kf2 Nc4 33. Rc1 Nd6 34. Rxc8 Nxc8 35. Ke3 Nd6 36. Nd2 g6 37. Bd1 h6 38.
b3 g5 39. hxg5 hxg5 40. Be2 g4 41. Ba6 Ke7 42. Kd3 Kd7 43. Ke3 Kc6 44. Be2 Bd8 45. Ba6 Bb6 46. Kd3 Kc7 47. Ke3 Ba7 48.
Be2 Nc8 49. Bb5 Bb6 50. Kd3 Na7 51. Nf1 Nxb5 52. axb5 Ba7 53. Ne3 Kb6 54. Nd1 a4 55. bxa4 Ka5 56. Nb2 Bb6 57. Kc2 Bxd4 58. Kb3 Bf2 59. Nc4+ dxc4+ 0-1

[Event "Schack-SM 2024: Mastarklassen-elit"]
[Site "Fortnox Arena, Hejaregatan 5, Vaxjo, Sweden"]
[Date "2024.07.01"]
[Round "3.2"]
[White "Wiedenkeller, Michael"]
[Black "Sorensen, Hampus"]
[Result "1/2-1/2"]
[TimeControl "90 minutes for 40 moves + 30 minutes for the rest of the game + 30 seconds per move from move one."]
[WhiteTitle "IM"]
[BlackTitle "IM"]
[WhiteElo "2417"]
[BlackElo "2404"]

1. d4 d5 2. c4 e6 3. Nf3 Nf6 4. g3 dxc4 5. Bg2 a6 6. O-O Nc6 7. e3 Rb8 8. Nfd2 e5 9. Bxc6+ bxc6 10.
dxe5 Ng4 11. Nxc4 Be6 12. Qxd8+ Rxd8 13. Nbd2 Bb4 14. b3 Bc3 15. Rb1 Bxd2 16. Nxd2 Nxe5 17. Bb2 Rxd2 18. Bxe5 O-O 19.
Bxc7 Rxa2 20. b4 Rc8 21. Bb6 1/2-1/2

[Event "Schack-SM 2024: Mastarklassen-elit"]
[Site "Fortnox Arena, Hejaregatan 5, Vaxjo, Sweden"]
[Date "2024.07.01"]
[Round "3.3"]
[White "Akesson, Ralf"]
[Black "Thorn, Eric"]
[Result "1-0"]
[TimeControl "90 minutes for 40 moves + 30 minutes for the rest of the game + 30 seconds per move from move one."]
[WhiteTitle "GM"]
[BlackTitle "FM"]
[WhiteElo "2360"]
[BlackElo "2359"]

1. d4 Nf6 2. c4 e6 3. Nf3 d5 4. Nc3 Nbd7 5. cxd5 exd5 6. Qc2 c6 7. Bf4 Be7 8. h3 O-O 9. e3 Re8 10.
Bd3 Nf8 11. O-O Ng6 12. Be5 Bd6 13. Bxd6 Qxd6 14. Rab1 Bd7 15. b4 Rac8 16. Rfc1 Ne7 17. Na4 b6 18. Ne5 Be6 19. Nc3 g6 20.
Qa4 Rc7 21. Rb2 Nd7 22. Nxd7 Bxd7 23. Rbc2 Bf5 24. Bxf5 Nxf5 25. Qb3 Rec8 26. a4 Ne7 27. Ne2 Nf5 28. Qb2 Qd7 29. Qb3 Nd6 30. b5 cxb5 31. Rxc7 Rxc7 32.
Rxc7 Qxc7 33. axb5 Qc4 34. Qxc4 dxc4 35. Nc3 Kf8 36. e4 Ke8 37. g4 f6 38. f3 g5 39. Kf2 Kd7 40. Ke3 Ke6 41.
f4 gxf4+ 42. Kxf4 h6 43. h4 Nf7 44. d5+ Kd6 45. Kf5 Ne5 46. Na4 Nd7 47. Nc3 Kc5 48. Ke6 Kd4 49. Kxd7 Kxc3 50.
d6 Kb4 51. Ke6 c3 52. d7 c2 53. d8=Q c1=Q 54. Qxf6 Qc4+ 55. Kf5 Qxb5+ 56. e5 Qd3+ 57. Ke6 Qc4+ 58. Kd6 Qd4+ 59. Kc6 Ka5 60.
Qd6 Qc4+ 61. Kb7 Qf7+ 62. Kb8 Ka6 63. Qc7 Qd5 64. Qxa7+ Kb5 65. Qe7 Qg8+ 66. Kc7 Qc4+ 67. Kd8 Ka6 68.
e6 Qxg4 69. Qf6 Qg8+ 70. Kd7 Kb7 71. Qf3+ Kb8 72. Qf4+ Kb7 73. Qc7+ Ka6 74. Qc8+ 1-0

[Event "Schack-SM 2024: Mastarklassen-elit"]
[Site "Fortnox Arena, Hejaregatan 5, Vaxjo, Sweden"]
[Date "2024.06.30"]
[Round "2.1"]
[White "Sorensen, Hampus"]
[Black "Cederstam, Carl"]
[Result "1-0"]
[TimeControl "90 minutes for 40 moves + 30 minutes for the rest of the game + 30 seconds per move from move one."]
[WhiteTitle "IM"]
[BlackTitle "FM"]
[WhiteElo "2404"]
[BlackElo "2278"]

1. d4 d6 2. Nf3 Nf6 3. c4 g6 4. Nc3 Bf5 5. Qb3 b6 6. h3 Nc6 7. g4 Bd7 8. e4 e5 9. d5 Nd4 10.
Qd1 c5 11. Bd3 Nxg4 12. hxg4 Bxg4 13. Be2 Nxe2 14. Nh2 Nxc3 15. Qxg4 Nxe4 16. Qxe4 f5 17. Qe2 Qh4 18. Bd2 Bh6 19.
Bxh6 Qxh6 20. Kd1 O-O-O 21. Kc2 Qf4 22. Nf3 g5 23. Rh5 Rdg8 24. Rah1 h6 25. Ne1 Rg6 26. Ng2 Qd4 27. Rd1 Qe4+ 28.
Qxe4 fxe4 29. Kd2 Rf8 30. Ke2 g4 31. Rf1 Kb7 32. Ne3 Rf3 33. Rg1 Rgf6 34. Nxg4 Rg6 35. Rxh6 Rg5 36. Rhh1 b5 37.
Ne3 Rxg1 38. Rxg1 Kb6 39. Rg6 Ka5 40. cxb5 Kxb5 41. Rxd6 a5 42. Rd8 c4 43. Rb8+ Ka4 44. b3+ cxb3 45.
axb3+ Ka3 46. d6 Kb2 47. d7 a4 48. d8=Q a3 49. Qd2+ Kb1 50. Rc8 a2 51. Rc1# 1-0

[Event "Schack-SM 2024: Mastarklassen-elit"]
[Site "Fortnox Arena, Hejaregatan 5, Vaxjo, Sweden"]
[Date "2024.06.30"]
[Round "2.2"]
[White "Crevatin, Leo"]
[Black "Akesson, Ralf"]
[Result "1/2-1/2"]
[TimeControl "90 minutes for 40 moves + 30 minutes for the rest of the game + 30 seconds per move from move one."]
[WhiteTitle "FM"]
[BlackTitle "GM"]
[WhiteElo "2235"]
[BlackElo "2360"]

1. d4 Nf6 2. c4 g6 3. Nc3 d5 4. cxd5 Nxd5 5. e4 Nxc3 6. bxc3 Bg7 7. Nf3 c5 8. Bb5+ Nc6 9. O-O cxd4 10.
cxd4 O-O 11. Be3 Bg4 12. Bxc6 bxc6 13. Rc1 Rc8 14. Rc5 Qd6 15. Qa4 Bxf3 16. gxf3 Rfd8 17. Rd1 e5 18. d5 Bh6 19.
Rdc1 Bxe3 20. fxe3 Qf6 21. Kg2 Qg5+ 22. Kf2 Qh6 23. Kg2 Qxe3 24. Qd1 Qg5+ 25. Kh1 Qf6 26. Qe2 Rd6 27. Qe3 Kg7 28.
Rxc6 Rcxc6 29. Rxc6 Rxc6 30. dxc6 Qxc6 31. Qxa7 Qc1+ 32. Kg2 Qg5+ 33. Kf2 Qd2+ 1/2-1/2

[Event "Schack-SM 2024: Mastarklassen-elit"]
[Site "Fortnox Arena, Hejaregatan 5, Vaxjo, Sweden"]
[Date "2024.06.30"]
[Round "2.3"]
[White "Olsson, William"]
[Black "Wiedenkeller, Michael"]
[Result "1/2-1/2"]
[TimeControl "90 minutes for 40 moves + 30 minutes for the rest of the game + 30 seconds per move from move one."]
[WhiteTitle "IM"]
[BlackTitle "IM"]
[WhiteElo "2363"]
[BlackElo "2417"]

1. Nf3 d5 2. g3 g6 3. Bg2 Bg7 4. d4 Nf6 5. c4 c6 6. b3 O-O 7. Bb2 a5 8. Nc3 Ne4 9. O-O Nxc3 10.
Bxc3 b5 11. cxb5 cxb5 12. Rc1 Nd7 13. Bd2 Bb7 14. Bf4 Rc8 15. Rxc8 Qxc8 16. Qd3 Bc6 17. h4 Qa8 18. h5 Rc8 19.
Bh3 e6 20. hxg6 hxg6 21. Kg2 b4 22. Bd6 Nf8 23. Be5 Qb7 24. Rh1 f6 25. Bd6 Kf7 26. Qe3 Bd7 27. Bc5 Qa6 28. Bg4 Kg8 29.
Rc1 f5 30. Bh3 Bb5 31. Rc2 Nd7 32. Kf1 e5 33. Nxe5 Bxe5 34. dxe5 Nxc5 35. Rxc5 Bxe2+ 36. Kg1 Rxc5 37. Qxc5 Bf3 38. Bf1 Qe6 39. Qe3 Be4 40. f3 Bc2 41.
Qc1 Qc6 42. e6 Kg7 43. Qe3 Kf6 44. e7 Kf7 45. Ba6 Ke8 46. Qe2 Bd1 47. Qxd1 Qxa6 48. Qxd5 Kxe7 1/2-1/2

[Event "Schack-SM 2024: Mastarklassen-elit"]
[Site "Fortnox Arena, Hejaregatan 5, Vaxjo, Sweden"]
[Date "2024.06.30"]
[Round "2.4"]
[White "Thorn, Eric"]
[Black "Arman, Deniz"]
[Result "0-1"]
[TimeControl "90 minutes for 40 moves + 30 minutes for the rest of the game + 30 seconds per move from move one."]
[WhiteTitle "FM"]
[BlackTitle "FM"]
[WhiteElo "2359"]
[BlackElo "2343"]

1. d4 d6 2. e4 Nf6 3. Nc3 e5 4. Nf3 exd4 5. Nxd4 Be7 6. Be2 O-O 7. O-O Re8 8. Re1 Bf8 9. Bf1 c5 10.
Nb3 Bg4 11. f3 Be6 12. Bg5 h6 13. Bh4 Nc6 14. Qd2 a6 15. Rad1 b5 16. Qf2 b4 17. Na4 Qc7 18. Bg3 Ne5 19.
Bxe5 dxe5 20. Nbxc5 Bc8 21. Kh1 a5 22. b3 Rb8 23. Bc4 Qc6 24. Nd3 Rb7 25. c3 Rc7 26. cxb4 axb4 27. Nb6 Qb7 28.
Nxc8 Rcxc8 29. Qb2 Qb8 30. Nc1 Bc5 31. Ne2 Qa7 32. Ng3 g6 33. Re2 h5 34. Red2 h4 35. Ne2 Kg7 36. g4 hxg3 37.
hxg3 Be3 38. Rd3 Bg5 39. Kg2 Rh8 40. Ng1 Rh5 41. Nh3 Rch8 42. Rh1 Qc5 43. Qe2 Qc8 44. g4 Rh4 45. Rdd1 Nxg4 46.
fxg4 Rxg4+ 47. Kf1 Rg3 48. Qf2 Bf4 49. Rd3 Rhxh3 50. Rxh3 Qxh3+ 51. Ke2 Qg4+ 0-1